 Dungeon Crawl Stone Soup version 0.32-a0-131-g9dbbe29261 (webtiles) character file.

Game seed: 9105975856366575733

1391 cforsyth the Trooper (level 9, 64/68 HPs)
             Began as a Djinni Hexslinger on Feb 8, 2024.
             Was an Initiate of Yredelemnul.
             Quit the game on level 5 of the Dungeon.
             The game lasted 00:16:13 (5329 turns).

cforsyth the Trooper (Djinni Hexslinger)            Turns: 5329, Time: 00:16:14

Health: 64/68      AC:  5    Str:  7    XL:     9   Next: 0%
Gold:   192        EV: 12    Int: 19    God:    Yredelemnul [......] SH:  0 Dex: 22

rFire   + + .        a - +1 sling
rCold   . . .        (no shield)
rNeg    . . .        r - +2 leather armour {rC+}
rPois   ∞            (no helmet)
rElec   .            (no cloak)
rCorr   .            (no gloves)
SInv    .            (boots unavailable)
Will    .....        (no amulet)
Stlth   ++           D - +6 ring of dexterity
HPRegen 0.31/turn    (no ring)
MPRegen 0.00/turn

%: no passive effects
@: flying
A: sickness immunity, fire resistance 2, cold vulnerability 1, float, innate
caster, HP casting, extra vitality 1
a: Renounce Religion, Recall Undead Harvest


You were on level 5 of the Dungeon.
You worshipped Yredelemnul.
Yredelemnul was noncommittal.
You visited 1 branch of the dungeon, and saw 5 of its levels.
You also visited: Sewer.

You collected 192 gold pieces.


Innate Abilities, Weirdness & Mutations

You are immune to sickness and miasma.
You are immune to poison.
Your flesh is very heat resistant. (rF++)
You are vulnerable to cold. (rC-)
You float through the air rather than walking.
You learn spells naturally, not from books.
Your magical power is your life essence.
You have superior vitality. (+4 MHP)


   Skills:
 + Level 7.5 Fighting
 - Level 1.5 Ranged Weapons
 - Level 2.1 Dodging
 + Level 6.2 Spellcasting
 + Level 6.2 Conjurations
 + Level 6.2 Hexes
 + Level 6.2 Summonings
 + Level 6.2 Necromancy
 + Level 6.2 Translocations
 + Level 6.2 Fire Magic
 + Level 6.2 Ice Magic
 + Level 6.2 Air Magic
 + Level 6.2 Earth Magic
 + Level 6.2 Alchemy


You knew the following spells:

 Your Spells              Type           Power      Damage    Failure   Level
a - Apportation           Tloc           58%        N/A       1%          1
b - Martyr's Knell        Necr/Summ      29%        N/A       13%         4
c - Cause Fear            Hex            14%        N/A       13%         4
f - Inner Flame           Hex/Fire       29%        N/A       3%          3
g - Gell's Gravitas       Tloc           29%        N/A       3%          3
i - Call Imp              Summ           58%        N/A       1%          2
X - Jinxbite              Hex            58%        N/A       1%          2
Y - Sigil of Binding      Hex            29%        N/A       3%          3
Z - Dimensional Bullseye  Hex/Tloc       14%        N/A       13%         4
Your spell library was empty.

Inventory:

Hand Weapons
 a - a +1 sling (weapon)
Armour
 c - a +0 robe
 r - a +2 leather armour of cold resistance (worn)
Magical Staves
 n - a staff of cold {!a!a}
Jewellery
 v - an amulet of faith {!P!P}
 C - a ring of ice
 D - a +6 ring of dexterity (left hand)
 S - a +6 ring of strength
Wands
 q - a wand of mindburst (18)
 x - a wand of paralysis (5)
Scrolls
 b - 2 scrolls of poison
 d - 5 scrolls of fear {unknown}
 h - 5 scrolls of teleportation {@r2@r2}
 k - a scroll of torment
 l - 3 scrolls of blinking {unknown}
 o - a scroll of fog {unknown}
 p - a scroll of revelation
 t - 2 scrolls of enchant armour {unknown}
 u - 2 scrolls of enchant weapon {unknown}
Potions
 e - 2 potions of attraction
 f - 4 potions of cancellation
 g - a potion of degeneration {unknown}
 i - 2 potions of mutation {unknown}
 j - 2 potions of brilliance
 m - a potion of haste {unknown}
 s - a potion of might
 w - 3 potions of curing {@q1@q1}
 z - a potion of lignification {unknown}

Dungeon Overview and Level Annotations

Branches:
Dungeon (5/15)             Temple (0/1) D:5           Sewer (visited)

Altars:
Dithmenos
Elyvilon
Makhleb
Nemelex Xobeh
Qazlal
Ru
Wu Jian
Xom
Yredelemnul

Shops:
D:4

( #..###
#......#<..#.# ##...#
#..)...###.#.# #
###.### #......# #.#.#
....#####.))###......#
#.#.#
#.r..r.§#g).#...)..#
#.#.#
#.....hg#.###.#......#
#.#.# #.#####.#.#
#....##..# #.#.# #g#.#
###..##..###.#.# #.#.#
#..@##..#.....#
#.#.####.#<##....#.###
#.#......#...#.......#
#.########.#.....###.#
#.##...>....#
#.##.......##
#..........#
#..........#
#.........##


You could see a gnoll (inner flame).


Message History

Your spectral orc drains the gnoll.
The gnoll is engulfed in blazing flames.
A black mist starts to gather...
The gnoll explodes!
The fiery explosion engulfs your spectral orc!!!
You destroy your spectral orc!
You have reached level 9!
Your experience leads to an increase in your attributes!
Your base attributes are Str 7, Int 17, Dex 16.
Increase (S)trength, (I)ntelligence, or (D)exterity?
You feel clever. x2
The power to cast Martyr's Knell wells up from within.
Spell assigned to 'b'.
A gnoll comes into view. It is wielding a +0 spear.
A gnoll is nearby!
A gnoll is nearby!
A gnoll is nearby!
Casting: Inner Flame (dangerous; 3% risk of failure)
Confirm with . or Enter, or press ? or * to list all spells.
Aiming: Inner Flame (dangerous; 3% risk of failure)
Press: ? - help, Dir - move target, f - gnoll
Aim: a gnoll, wielding a +0 spear (not watching you, ally target, chance to affect: 88%)
The gnoll is filled with an inner flame.
Your spectral gnoll is engulfed in blazing flames.
You destroy your spectral gnoll!
Casting: Inner Flame (dangerous; 3% risk of failure)
Confirm with . or Enter, or press ? or * to list all spells.
You can't see any susceptible monsters within range! (Use Z to cast anyway.) Unknown command.
Are you sure you want to abandon this character and quit the game? (Confirm with "yes".)

Skill      XL: |  1  2  3  4  5  6  7  8 |
---------------+-------------------------+-----
Spellcasting   | 3 4 5 6 |  6.2
Conjurations   | 3 4 5 6 |  6.2
Hexes          | 3 4 5 6 |  6.2
Summonings     | 3 4 5 6 |  6.2
Necromancy     | 3 4 5 6 |  6.2
Translocations | 3 4 5 6 |  6.2
Fire Magic     | 3 4 5 6 |  6.2
Ice Magic      | 3 4 5 6 |  6.2
Air Magic      | 3 4 5 6 |  6.2
Earth Magic    | 3 4 5 6 |  6.2
Alchemy        | 3 4 5 6 |  6.2
Fighting       | 2 3 4 6 7 |  7.5
Ranged Weapons | |  1.5
Dodging        | |  2.1

Action                     |  1- 3 |  4- 6 |  7- 9 || total
---------------------------+-------+-------+-------++-------
   Fire: Sling             |   107 |    29 |    12 ||   148
   Cast: Inner Flame       |     1 |    41 |    49 ||    91
         Jinxbite          |       |     3 |       ||     3
         Call Imp          |       |    22 |    32 ||    54
         Dimensional Bulls |       |     1 |       ||     1
    Use: Scroll            |       |     7 |     2 ||     9
         Potion            |       |     4 |       ||     4
 Armour: Robe              |    40 |    21 |     5 ||    66
         Leather armour    |       |       |    14 ||    14
  Dodge: Dodged            |    32 |    13 |     8 ||    53

Levels and vault maps discovered:
D:1:      nzn_arrival_crosshair, layout_rooms
D:2:      layout_basic, minmay_pentomino_z2
D:3:      layout_basic, lightli_sewer_entry_pipes,
          hellmonk_ecumenical_altar_defaced_shrine
D:4:      layout_basic, nicolae_overflows_in_rows, vehumet_crystals,
          serial_shops, nicolae_shop_bloodbath_and_beyond, serial_rivers,
          chequers_serial_rivers_micro_c, chequers_serial_rivers_micro_b,
          chequers_serial_rivers_small_b, chequers_serial_rivers_large_b,
          chequers_serial_rivers_micro_c, uniq_sigmund, uniq_ijyb, uniq_grinder
D:5:      layout_basic, minmay_temple_entry_glass, uniq_eustachio

Notes
Turn   | Place    | Note
-------+----------+-------------------------------------------
     0 | D:1      | cforsyth the Djinni Hexslinger began the quest for the Orb.
     0 | D:1      | cforsyth set off with the following spells memorised:
                  | Jinxbite, Sigil of Binding, Inner Flame, Cause Fear,
                  | Dimensional Bullseye.
     0 | D:1      | Reached XP level 1. HP: 17/17 MP: 0/0
    31 | D:1      | Reached XP level 2. HP: 22/22 MP: 0/0
   185 | D:1      | Reached skill level 3 in Spellcasting
   185 | D:1      | Reached skill level 3 in Conjurations
   185 | D:1      | Reached skill level 3 in Hexes
   185 | D:1      | Reached skill level 3 in Summonings
   185 | D:1      | Reached skill level 3 in Necromancy
   185 | D:1      | Reached skill level 3 in Translocations
   185 | D:1      | Reached skill level 3 in Fire Magic
   185 | D:1      | Reached skill level 3 in Ice Magic
   185 | D:1      | Reached skill level 3 in Air Magic
   185 | D:1      | Reached skill level 3 in Earth Magic
   185 | D:1      | Reached skill level 3 in Alchemy
   514 | D:2      | Reached skill level 2 in Fighting
   514 | D:2      | Reached XP level 3. HP: 24/28 MP: 0/0
   514 | D:2      | Learned a level 1 spell: Apportation
   661 | D:2      | HP: 2/28 [spore (11)]
  1505 | D:2      | Reached XP level 4. HP: 23/34 MP: 0/0
  1656 | D:3      | Reached skill level 3 in Fighting
  1756 | D:3      | Reached XP level 5. HP: 28/40 MP: 0/0
  1756 | D:3      | Learned a level 2 spell: Call Imp
  1820 | D:3      | HP: 4/40 [dart slug/slug dart (1)]
  1903 | D:3      | Found a glowing drain.
  1914 | D:3      | HP: 4/40 [river rat (5)]
  1946 | Sewer    | Entered a sewer
  2186 | Sewer    | Reached skill level 4 in Spellcasting
  2186 | Sewer    | Reached skill level 4 in Conjurations
  2186 | Sewer    | Reached skill level 4 in Hexes
  2186 | Sewer    | Reached skill level 4 in Summonings
  2186 | Sewer    | Reached skill level 4 in Necromancy
  2186 | Sewer    | Reached skill level 4 in Translocations
  2186 | Sewer    | Reached skill level 4 in Fire Magic
  2186 | Sewer    | Reached skill level 4 in Ice Magic
  2186 | Sewer    | Reached skill level 4 in Air Magic
  2186 | Sewer    | Reached skill level 4 in Earth Magic
  2186 | Sewer    | Reached skill level 4 in Alchemy
  2186 | Sewer    | Reached XP level 6. HP: 9/47 MP: 0/0
  2390 | Sewer    | Reached skill level 4 in Fighting
  2670 | Sewer    | Reached XP level 7. HP: 40/53 MP: 0/0
  2670 | Sewer    | Learned a level 3 spell: Gell's Gravitas
  3214 | D:3      | Reached skill level 5 in Fighting
  3420 | D:3      | Found a faded altar of an unknown god.
  3440 | D:3      | Prayed at the altar of an unknown god.
  3440 | D:3      | Became a worshipper of Yredelemnul the Dark
  3440 | D:3      | Reached * piety under Yredelemnul
  3852 | D:4      | Found Xukog's Weapon Shoppe.
  4054 | D:4      | Noticed Ijyb
  4070 | D:4      | Killed Ijyb
  4183 | D:4      | Found a stormy altar of Qazlal.
  4183 | D:4      | Found a sparkling altar of Nemelex Xobeh.
  4183 | D:4      | Found an ornate altar of the Wu Jian Council.
  4183 | D:4      | Noticed Grinder
  4186 | D:4      | Found a shadowy altar of Dithmenos.
  4195 | D:4      | Killed Grinder
  4196 | D:4      | Reached skill level 5 in Spellcasting
  4196 | D:4      | Reached skill level 5 in Conjurations
  4196 | D:4      | Reached skill level 5 in Hexes
  4196 | D:4      | Reached skill level 5 in Summonings
  4196 | D:4      | Reached skill level 5 in Necromancy
  4196 | D:4      | Reached skill level 5 in Translocations
  4196 | D:4      | Reached skill level 5 in Fire Magic
  4196 | D:4      | Reached skill level 5 in Ice Magic
  4196 | D:4      | Reached skill level 5 in Air Magic
  4196 | D:4      | Reached skill level 5 in Earth Magic
  4196 | D:4      | Reached skill level 5 in Alchemy
  4198 | D:4      | Your ally Grinder died
  4229 | D:4      | Found a shimmering altar of Xom.
  4231 | D:4      | Found a sacrificial altar of Ru.
  4231 | D:4      | Found a burning altar of Makhleb.
  4231 | D:4      | Found a white marble altar of Elyvilon.
  4248 | D:4      | Noticed Sigmund
  4257 | D:4      | Killed Sigmund
  4258 | D:4      | Reached skill level 6 in Fighting
  4258 | D:4      | Reached XP level 8. HP: 43/62 MP: 0/0
  5034 | D:5      | Entered Level 5 of the Dungeon
  5034 | D:5      | Noticed Eustachio
  5034 | D:5      | Found a staircase to the Ecumenical Temple.
  5244 | D:5      | Reached skill level 7 in Fighting
  5263 | D:5      | Killed Eustachio
  5263 | D:5      | Your ally Eustachio died
  5264 | D:5      | Reached skill level 6 in Spellcasting
  5264 | D:5      | Reached skill level 6 in Conjurations
  5264 | D:5      | Reached skill level 6 in Hexes
  5264 | D:5      | Reached skill level 6 in Summonings
  5264 | D:5      | Reached skill level 6 in Necromancy
  5264 | D:5      | Reached skill level 6 in Translocations
  5264 | D:5      | Reached skill level 6 in Fire Magic
  5264 | D:5      | Reached skill level 6 in Ice Magic
  5264 | D:5      | Reached skill level 6 in Air Magic
  5264 | D:5      | Reached skill level 6 in Earth Magic
  5264 | D:5      | Reached skill level 6 in Alchemy
  5311 | D:5      | Reached XP level 9. HP: 61/68 MP: 0/0
  5311 | D:5      | Learned a level 4 spell: Martyr's Knell
  5329 | D:5      | Quit the game

Vanquished Creatures
  Grinder (D:4)
  Sigmund (D:4)
  Eustachio (D:5)
  An ogre (D:5)
  A spectral shadow imp (D:4)
  2 bullfrogs (Sewer)
  A water moccasin zombie (D:3)
  A spectral ogre (D:5)
  A howler monkey (D:4)
  A gnoll bouda (D:5)
  An orc priest (D:3)
  3 hounds
  Ijyb (D:4)
  2 iguanas
  An orc wizard (D:4)
  A spectral human (D:5)
  A spectral hound (D:4)
  A spectral howler monkey (D:4)
  A spectral iguana (D:4)
  3 spectral orcs
  6 adders
  2 gnolls (D:5)
  9 river rats
  A spectral ribbon worm (D:4)
  3 spectral gnolls (D:5)
  6 dart slugs
  7 ribbon worms
  9 orcs
  10 ball pythons
  10 endoplasms
  A giant cockroach (D:2)
  5 hobgoblins
  7 jackals
  5 bats
  3 frilled lizards
  5 goblins
  3 jackal zombies
  6 kobolds
  10 rats
  A spectral endoplasm (D:4)
  A spectral goblin (D:4)
  2 spectral hobgoblins (D:4)
138 creatures vanquished.

Vanquished Creatures (collateral kills)
  A howler monkey (D:5)
  A jelly (D:3)
  An orc priest (D:4)
  A dart slug (D:3)
  An orc (D:3)
  A jackal (D:4)
  A ball python (Sewer)
  A bat (D:3)
  A frilled lizard (Sewer)
  6 rats
15 creatures vanquished.

Grand Total: 153 creatures vanquished

Table legend: (Time is in decaauts)
 A = Elapsed time spent in this place.
 B = Non-inter-level travel time spent in this place.
 C = Inter-level travel time spent in this place.
 D = Time resting spent in this place.
 E = Time spent auto-exploring this place.
 F = Levels seen in this place.
 G = Mean time per level.
                   A        B        C        D        E       F      G
               +--------+--------+--------+--------+--------+-----+--------+
         Total |   5378 |   5181 |    197 |    203 |   3705 |   6 |  896.3 |
       Dungeon |   4444 |   4247 |    197 |     88 |   3124 |   5 |  888.8 |
         Sewer |    933 |    933 |      0 |    115 |    581 |   1 |  933.0 |
               +--------+--------+--------+--------+--------+-----+--------+

Top non-repeatable levels by time:
     D:3: 1413 daAuts
     D:4: 1185 daAuts
     D:2: 1156 daAuts
   Sewer: 933 daAuts
     D:1: 455 daAuts
     D:5: 234 daAuts

Table legend:
 A = Non-vault XP
 B = Vault XP
 C = Vault XP percentage of total XP
 D = Non-vault monster count
 E = Vault monster count
 F = Vault count percentage of total count
                 A         B        C        D         E       F
            +---------+---------+-------+---------+---------+-------
      Total |     831 |    1157 |  58.2 |      82 |      50 |  37.9
            +---------+---------+-------+---------+---------+-------
        D:1 |      25 |       0 |   0.0 |      16 |       0 |   0.0
        D:2 |      42 |       3 |   6.7 |      18 |       2 |  10.0
        D:3 |     155 |      81 |  34.3 |      22 |      12 |  35.3
        D:4 |     235 |     543 |  69.8 |      16 |       3 |  15.8
        D:5 |     374 |     196 |  34.4 |      10 |       1 |   9.1
      Sewer |       0 |     334 | 100.0 |       0 |      32 | 100.0
            +---------+---------+-------+---------+---------+-------
